 Dungeon Crawl Stone Soup version 0.31-a0-358-gac0dbeb3ab (webtiles) character file.

Game seed: 15578711271084578528

4659 bobarctor the Thaumaturge (level 10, -10/63 HPs)
             Began as a Demonspawn Necromancer on July 25, 2023.
             Was an Initiate of Kikubaaqudgha.
             Mangled by a tentacled starspawn (34 damage)
             ... on level 2 of the Abyss.
             The game lasted 00:56:48 (8856 turns).

bobarctor the Thaumaturge (Demonspawn Necromancer)  Turns: 8856, Time: 00:56:49

Health: -10/63     AC: 10    Str: 13    XL:     10   Next: 20%
Magic:  1/25       EV: 17    Int: 24    God:    Kikubaaqudgha [......]
Gold:   740        SH:  9    Dex: 12    Spells: 15/31 levels left

rFire   . . .        Q - +3 rapier (flame)
rCold   . . .        b - +1 buckler {reflect}
rNeg    . . .        k - +0 steam dragon scales
rPois   .            l - +1 hat
rElec   .            w - +2 cloak
rCorr   .            (no gloves)
SInv    .            e - +0 pair of boots
Will    .....        u - amulet of regeneration
Stlth   ++           D - ring of wizardry
HPRegen 1.10/turn    r - +5 ring of evasion
MPRegen 0.19/turn

%: reflection, wizardry (x1)
@: mighty, about to teleport, unable to read
A: claws 2, foul stench 2, big brain 2, condensation shield, strong 1, inability
to read after injury 1
a: Renounce Religion


You were on level 2 of the Abyss.
You worshipped Kikubaaqudgha.
Kikubaaqudgha was noncommittal.
You visited 2 branches of the dungeon, and saw 10 of its levels.
You visited the Abyss 1 time.
You also visited: Bailey.

You collected 740 gold pieces.

Inventory:

Hand Weapons
 f - a +4 quarterstaff of chaos
 F - a +0 orcbow
 P - a +2 dagger of speed
 Q - a +3 rapier of flaming (weapon)
Missiles
 p - 20 poisoned darts
 s - a throwing net
 N - 13 boomerangs
Armour
 b - a +1 buckler of reflection (worn)
 e - a +0 pair of boots (worn)
 k - +0 steam dragon scales (worn)
 l - a +1 hat (worn)
 w - a +2 cloak (worn)
Jewellery
 r - a +5 ring of evasion (right claw)
 t - a ring of poison resistance
 u - an amulet of regeneration (around neck)
 D - a ring of wizardry (left claw)
Wands
 a - a wand of flame (16)
 A - a wand of polymorph (7)
 H - a wand of iceblast (3)
 L - a wand of light (13)
Potions
 c - a potion of brilliance
 q - a potion of might
 v - a potion of ambrosia {unknown}
 x - a potion of attraction {unknown}
 B - 6 potions of enlightenment
 G - a potion of heal wounds {unknown}
 I - a potion of cancellation {unknown}
 J - a potion of curing {unknown}


   Skills:
 + Level 3.3 Dodging
 + Level 2.3 Stealth
 + Level 1.2 Shields
 + Level 0.1 Unarmed Combat
 * Level 11.2 Spellcasting
 + Level 2.0 Conjurations
 * Level 9.3 Necromancy
 + Level 1.5 Ice Magic
 + Level 0.5 Earth Magic


You had 15 spell levels left.
You knew the following spells:

 Your Spells              Type           Power      Damage    Failure   Level
a - Necrotise             Necr           100%       1d9       1%          1
b - Vampiric Draining     Necr           55%        2d9       1%          3
c - Freeze                Ice            80%        1d9       1%          1
d - Agony                 Necr           55%        N/A       1%          5
f - Hailstorm             Conj/Ice       21%        3d6       4%          3
g - Stone Arrow           Conj/Erth      38%        3d9       4%          3

Your spell library contained the following spells:

 Spells                   Type           Power      Damage    Failure   Level
 Animate Dead             Necr           55%        N/A       1%          4
 Sandblast                Erth           30%        2d9       2%          1
 Frozen Ramparts          Ice            40%        1d7       4%          3
 Leda's Liquefaction      Hex/Erth       7%         N/A       24%         4
 Lehudib's Crystal Spear  Conj/Erth      9%         10d4      100%        8


Dungeon Overview and Level Annotations

Branches:
Dungeon (9/15)             Temple (1/1) D:7          Bailey (visited)
   Lair: D:8-11         Orc: D:9-12

Altars:
Ashenzari
Cheibriados
Dithmenos
Fedhas
Gozag
Hepliaklqana
Kikubaaqudgha
Makhleb
Nemelex Xobeh
Okawaru
Qazlal
Ru
Sif Muna
Trog
Uskayaw
Vehumet
Wu Jian
Xom

Annotations:
D:8 Gastronok
D:9 Psyche


Innate Abilities, Weirdness & Mutations

You have very sharp fingernails.
You sometimes emit foul miasma when damaged in melee.
You have an extremely huge brain. (Int +4)
A meltable shield of frost defends you. (SH +4)
Your muscles are strong. (Str +4, Int/Dex -1)
You occasionally lose the ability to read scrolls when taking damage.


Message History

Aiming: Stone Arrow (dangerous; 4% risk of failure)
Press: ? - help, Shift-Dir - straight line, f/p - tentacled starspawn
Aim: a tentacled starspawn (moderately damaged, 89% to hit)
The stone arrow hits the tentacled starspawn!
The tentacled starspawn is heavily damaged.
The starspawn tentacle loses its grip on you.
You block the tentacled starspawn's attack.
The tentacled starspawn tentacle-slaps you but does no damage.
The starspawn tentacle grabs you. The starspawn tentacle constricts you.
Casting: Stone Arrow (dangerous; 4% risk of failure)
Confirm with . or Enter, or press ? or * to list all spells.
You don't have enough magic to cast this spell.
Unknown command.
Okay, then.
You feel very mighty all of a sudden.
The tentacled starspawn bites you but does no damage.
The tentacled starspawn tentacle-slaps you but does no damage.
The starspawn tentacle constricts you.
You hit the tentacled starspawn. You burn the tentacled starspawn.
The starspawn tentacle loses its grip on you.
The tentacled starspawn is heavily damaged.
The tentacled starspawn bites you!!
Ouch! That really hurt!
You block the tentacled starspawn's attack.
The starspawn tentacle grabs you. The starspawn tentacle constricts you.
You barely miss the tentacled starspawn.
The starspawn tentacle loses its grip on you.
The tentacled starspawn is heavily damaged.
The tentacled starspawn bites you but does no damage.
You block the tentacled starspawn's attack.
You block the starspawn tentacle's attack. x2
A starspawn tentacle comes into view.
As you read the scroll of teleportation, it crumbles to dust.
You feel strangely unstable.
You feel the power of the Abyss delaying your translocation!
The tentacled starspawn bites you!!
You feel threatened and lose the ability to read scrolls!
Ouch! That really hurt!
You die...
Kikubaaqudgha rasps: "You have failed me!
Welcome... death!"

.. .. #. . .. .#
#.# . #.. .##.##
#.x# ..###...#. ..
... # ..#......##.
. .# .. ....
..#.X##..#.#
..........
#w@#│..#
........#.####w.##
#....##.#. ...##
##...#.#.......#
.#.. .....#.#..##
.... ....##.###.#
. . ...*. ##.. ..#
.... .#. .#.####..
... ....##.#.. ###


You could see a tentacled starspawn and 2 starspawn tentacles.

Vanquished Creatures
  A two-headed ogre (D:6)
  An orc knight (Bailey)
  Prince Ribbit (D:9)
  2 steam dragons
  Menkaure (D:7)
  Duvessa (D:7)
  3 water moccasins
  3 black bears
  4 orc warriors (Bailey)
  2 ice beasts
  2 ogres
  3 centaurs
  A phantom (D:4)
  A kobold brigand (D:8)
  2 small abominations (Abyss:2)
  2 bullfrogs (D:8)
  Dowan (D:7)
  4 killer bees (D:9)
  A howler monkey (D:4)
  3 hounds
  Crazy Yiuf (D:7)
  A jelly (D:7)
  2 orc priests
  An iron imp (D:3)
  2 iguanas (D:5)
  9 orc wizards
  3 gnolls (Bailey)
  7 adders
  A shadow imp (D:7)
  A white imp (D:6)
  An ufetubus (D:6)
  3 worms
  4 dart slugs
  16 orcs
  6 ball pythons
  7 endoplasms
  2 giant cockroaches
  10 goblins
  8 hobgoblins
  18 kobolds
  4 quokkas
  8 bats
  A frilled lizard (D:1)
  5 rats
160 creatures vanquished.

Vanquished Creatures (collateral kills)
  A shadow imp (D:6)
  2 endoplasms (D:1)
  A goblin (D:2)
  A ball python (D:2)
  A rat (D:1)
6 creatures vanquished.

Vanquished Creatures (others)
  2 kobolds (D:8)
2 creatures vanquished.

Grand Total: 168 creatures vanquished

Notes
Turn   | Place    | Note
-------+----------+-------------------------------------------
     0 | D:1      | bobarctor the Demonspawn Necromancer began the quest for
                  | the Orb.
     0 | D:1      | Reached XP level 1. HP: 13/13 MP: 3/3
   195 | D:1      | Gained mutation: You have an unusually large brain. (Int
                  | +2) [demonic ancestry]
   195 | D:1      | Reached XP level 2. HP: 19/19 MP: 1/5
   684 | D:1      | Gained mutation: You have sharp fingernails. [demonic
                  | ancestry]
   684 | D:1      | Reached XP level 3. HP: 23/24 MP: 0/6
   914 | D:1      | Learned a level 3 spell: Vampiric Draining
  1264 | D:2      | Reached skill level 5 in Necromancy
  1358 | D:2      | Learned a level 1 spell: Freeze
  1369 | D:2      | Reached skill level 3 in Spellcasting
  1411 | D:2      | Got the Compilation of Amathomancy
  1568 | D:2      | Found a faded altar of an unknown god.
  1920 | D:2      | Found a shimmering altar of Xom.
  2077 | D:3      | Gained mutation: You have an extremely huge brain. (Int +4)
                  | [demonic ancestry]
  2077 | D:3      | Reached XP level 4. HP: 26/30 MP: 6/8
  2191 | D:3      | Found a sacrificial altar of Ru.
  2191 | D:3      | Found a stormy altar of Qazlal.
  2516 | D:3      | Noticed an ice beast
  2581 | D:3      | Killed an ice beast
  2582 | D:3      | Reached skill level 4 in Spellcasting
  2582 | D:3      | Reached XP level 5. HP: 20/35 MP: 0/11
  2893 | D:3      | Found a snail-covered altar of Cheibriados.
  2983 | D:3      | Learned a level 5 spell: Agony
  2987 | D:3      | Learned a level 3 spell: Frozen Ramparts
  3382 | D:4      | Noticed a phantom
  3467 | D:4      | Killed a phantom
  3468 | D:4      | Reached XP level 6. HP: 37/41 MP: 10/13
  3499 | D:4      | Reached skill level 5 in Spellcasting
  3707 | D:4      | Found a faded altar of an unknown god.
  3707 | D:4      | Found a faded altar of an unknown god.
  3803 | D:4      | Found a hide-covered altar of Uskayaw.
  3805 | D:4      | Found a broken altar of Ashenzari.
  3807 | D:4      | Found a hazy altar of Hepliaklqana.
  3955 | D:5      | Entered Level 5 of the Dungeon
  4219 | D:4      | Gained mutation: A meltable shield of frost defends you.
                  | (SH +4) [demonic ancestry]
  4219 | D:4      | Reached XP level 7. HP: 46/46 MP: 12/15
  4447 | D:5      | Reached skill level 6 in Spellcasting
  4595 | D:5      | Learned a level 3 spell: Hailstorm
  4914 | D:5      | Reached skill level 1 in Ice Magic
  5205 | D:6      | Noticed a two-headed ogre
  5340 | D:6      | Reached skill level 7 in Spellcasting
  5340 | D:6      | Gained mutation: You may rarely emit foul miasma when
                  | damaged in melee. [demonic ancestry]
  5340 | D:6      | Reached XP level 8. HP: 45/52 MP: 12/18
  5389 | D:6      | Learned a level 3 spell: Stone Arrow
  5406 | D:6      | Killed a two-headed ogre
  5407 | D:6      | Reached skill level 8 in Spellcasting
  5767 | D:6      | Found an opulent altar of Gozag.
  5776 | D:6      | You fall into a shaft and drop 1 floor!
  5836 | D:7      | Reached skill level 1 in Conjurations
  5936 | D:7      | Reached skill level 9 in Spellcasting
  5936 | D:7      | Gained mutation: You have very sharp fingernails. [demonic
                  | ancestry]
  5936 | D:7      | Reached XP level 9. HP: 37/57 MP: 4/22
  5967 | D:7      | Found a flagged portal.
  5979 | Bailey   | Entered a bailey
  6081 | Bailey   | Noticed an orc knight
  6305 | Bailey   | Killed an orc knight
  6365 | Bailey   | Reached skill level 10 in Spellcasting
  6843 | D:7      | Found a bloodstained altar of Trog.
  6855 | D:7      | Found a staircase to the Ecumenical Temple.
  6886 | D:7      | Noticed Duvessa
  6889 | Temple   | Entered the Ecumenical Temple
  6899 | Temple   | Became a worshipper of Kikubaaqudgha
  6922 | D:7      | Killed Duvessa
  7035 | D:7      | Gained mutation: You have hidden genetic defects. [potion
                  | of mutation]
  7049 | D:7      | Noticed Dowan
  7056 | D:7      | Killed Dowan
  7181 | D:7      | Found an iron altar of Okawaru.
  7245 | D:7      | Lost mutation: You have hidden genetic defects. [potion of
                  | mutation]
  7245 | D:7      | Gained mutation: Your muscles are strong. (Str +4, Int/Dex
                  | -1) [potion of mutation]
  7245 | D:7      | Gained mutation: You occasionally lose the ability to read
                  | scrolls when taking damage. [potion of mutation]
  7288 | D:7      | Noticed Menkaure
  7292 | D:7      | Killed Menkaure
  7541 | D:7      | Found a runed translucent door.
  7542 | D:7      | Noticed Crazy Yiuf
  7686 | D:7      | Killed Crazy Yiuf
  8196 | D:8      | Reached skill level 1 in Shields
  8203 | D:8      | Gained mutation: You sometimes emit foul miasma when
                  | damaged in melee. [demonic ancestry]
  8203 | D:8      | Reached XP level 10. HP: 63/63 MP: 16/24
  8284 | D:8      | Noticed Gastronok
  8433 | D:9      | Noticed Prince Ribbit
  8445 | D:9      | Killed Prince Ribbit
  8446 | D:9      | Reached skill level 11 in Spellcasting
  8674 | D:9      | Noticed Psyche
  8677 | Abyss:2  | Cast into level 2 of the Abyss (Psyche)
  8720 | Abyss:2  | Noticed a smoke demon
  8728 | Abyss:2  | Found a corrupted altar of Lugonu.
  8808 | Abyss:2  | Noticed a wretched star
  8839 | Abyss:2  | Noticed a tentacled starspawn
  8846 | Abyss:2  | Noticed a worldbinder
  8856 | Abyss:2  | Mangled by a tentacled starspawn

Illustrated notes

Levels and vault maps discovered:
D:1:      elethiomel_arrival_shortcut, layout_basic
D:2:      layout_basic, basic_altar, ebering_ecumenical_altar_rust
D:3:      layout_loops_ring, slow_altar_2, gammafunk_temple_overflow_pools,
          saegor_snake_ambush
D:4:      layout_cave_pools, chequers_temple_overflow_minitemple,
          nicolae_concentric_dashed_squares_wild, minmay_gold_behind_fungi
D:5:      layout_basic
D:6:      layout_basic, nicolae_gozag_cash_rules_everything_around_me,
          serial_shops, nicolae_shop_advertising_works
          [nicolae_subvault_shop_adworks], minmay_manual_maat
D:7:      layout_cave_pools, lemuel_crystal_altar, lemuel_round_altar,
          minmay_temple_entry_slanted, enter_bailey_2, nicolae_letterblocks
          [nicolae_letter_subblock, nicolae_letter_subblock,
          nicolae_letter_subblock, nicolae_letter_subblock,
          nicolae_letter_subblock, nicolae_letter_subblock,
          nicolae_letter_subblock, nicolae_letter_subblock,
          nicolae_letter_subblock, nicolae_letter_subblock,
          nicolae_letter_subblock, nicolae_letter_subblock,
          nicolae_letter_subblock, nicolae_letter_subblock,
          nicolae_letter_subblock, nicolae_letter_subblock,
          nicolae_letter_subblock, nicolae_letter_subblock,
          nicolae_letter_subblock, nicolae_letter_subblock,
          nicolae_letter_subblock, nicolae_letter_subblock,
          nicolae_letter_subblock, nicolae_letter_subblock,
          nicolae_letter_subblock], uniq_duvessa, uniq_menkaure,
          uniq_crazy_yiuf_cottage
D:8:      layout_loops_cross, uniq_gastronok
D:9:      layout_roguey, erik_lair_dragon, gammafunk_ghost_berserking_beasts,
          evilmike_butchery, uniq_psyche, uniq_prince_ribbit1
Temple:   nicolae_temple_no_exploring_needed
Abyss:2:  base: Temple, evilmike_abyss_exit_chaos, spicy_abyss_rude_harpoons

Skill      XL: |  1  2  3  4  5  6  7  8  9 10 |
---------------+-------------------------------+-----
Dodging        | 2 3 |  3.3
Necromancy     | 5 6 7 8 9 |  9.3
Spellcasting   | 3 4 5 7 9 10 11 | 11.2
Stealth        | 2 |  2.3
Ice Magic      | 1 |  1.5
Conjurations   | 1 2 |  2.0
Shields        | 1 |  1.2
Unarmed Combat | |  0.1
Earth Magic    | |  0.5

Action                     |  1- 3 |  4- 6 |  7- 9 | 10-12 || total
---------------------------+-------+-------+-------+-------++-------
  Melee: Club              |    16 |       |       |       ||    16
         Unarmed           |    10 |       |       |       ||    10
         Dagger            |       |   159 |    72 |       ||   231
         Punch             |       |     4 |     1 |       ||     5
         Rapier            |       |       |       |     3 ||     3
  Throw: Dart              |     2 |       |       |       ||     2
   Cast: Necrotise         |    70 |    76 |   182 |    43 ||   371
         Freeze            |     1 |     6 |       |       ||     7
         Vampiric Draining |       |     1 |    24 |       ||    25
         Hailstorm         |       |       |    16 |     1 ||    17
         Frozen Ramparts   |       |       |     2 |       ||     2
         Stone Arrow       |       |       |    17 |    14 ||    31
         Agony             |       |       |     1 |       ||     1
    Use: Scroll            |       |       |    16 |     1 ||    17
         Potion            |       |       |     3 |     1 ||     4
 Armour: Robe              |    12 |    20 |    30 |       ||    62
         Steam dragon scal |       |       |     1 |    11 ||    12
  Dodge: Dodged            |    35 |    98 |   154 |    29 ||   316
  Block: Other             |       |       |    28 |       ||    28
         Buckler           |       |       |    10 |    20 ||    30
         Reflection        |       |       |     6 |       ||     6

Table legend: (Time is in decaauts)
 A = Elapsed time spent in this place.
 B = Non-inter-level travel time spent in this place.
 C = Inter-level travel time spent in this place.
 D = Time resting spent in this place.
 E = Time spent auto-exploring this place.
 F = Levels seen in this place.
 G = Mean time per level.
                   A        B        C        D        E       F      G
               +--------+--------+--------+--------+--------+-----+--------+
         Total |   8807 |   8576 |    231 |   1625 |   5014 |  12 |  733.9 |
       Dungeon |   7803 |   7572 |    231 |   1275 |   4794 |   9 |  867.0 |
        Temple |    120 |    120 |      0 |     27 |      0 |   1 |  120.0 |
         Abyss |    179 |    179 |      0 |     83 |      0 |   1 |  179.0 |
        Bailey |    704 |    704 |      0 |    240 |    220 |   1 |  704.0 |
               +--------+--------+--------+--------+--------+-----+--------+

Top non-repeatable levels by time:
     D:1: 1250 daAuts
     D:5: 1238 daAuts
     D:7: 1094 daAuts
     D:3: 1041 daAuts
     D:4: 974 daAuts
     D:2: 774 daAuts
  Bailey: 704 daAuts
     D:8: 660 daAuts
     D:6: 525 daAuts
     D:9: 243 daAuts
 Abyss:2: 179 daAuts
  Temple: 120 daAuts
